 Dungeon Sprint DCSS version 0.17-a0-1360-g37db002 (webtiles) character file.

8981 Kidiri the Unseen (level 11, 0/70 HPs)
             Began as a Spriggan Enchanter on June 11, 2015.
             Was an Elder of Dithmenos.
             Succumbed to a ghost moth's poison
             ... in the Dungeon (Sprint IV: "Fedhas' Mad Dash").
             The game lasted 00:18:38 (2998 turns).

Kidiri the Unseen (Spriggan Enchanter)              Turns: 2998, Time: 00:18:38

Health: 0/70       AC:  3    Str:  9    XL:     11   Next: 17%
Magic:  0/29       EV: 32    Int: 18    God:    Dithmenos [****..]
Gold:   20         SH:  0    Dex: 19    Spells: 11 memorised, 9 levels left

rFire  . . .     SeeInvis +     a - +1 dagger
rCold  . . .     Clarity  .     b - +1 robe
rNeg   . . .     SustAt   +     (shield restricted)
rPois  .         Gourm    .     (helmet restricted)
rElec  .         Spirit   .     (no cloak)
rCorr  .         Warding  .     (gloves unavailable)
rMut   .         NoTele   +     (boots unavailable)
MR     +....                    (no amulet)
Stlth  ..........               l - ring of sustain attributes
                                k - ring of invisibility

@: berserking, lethally poisoned (0 -> -13), wreathed by umbra, very quick,
somewhat resistant to hostile enchantments, extremely unstealthy
A: unfitting armour, see invisible, herbivore 3, speed 3, slow metabolism 2
a: Shadow Step, Renounce Religion, Evoke Invisibility


You were in the Dungeon.
You worshipped Dithmenos.
Dithmenos was greatly pleased with you.
You were not hungry.

You visited 1 branch You collected 283 gold pieces.
You spent 263 gold pieces at shops.

Inventory:

Hand weapons
 a - a +1 dagger (weapon)
 p - a +0 hunting sling
Missiles
 q - 22 stones (quivered)
Armour
 b - a +1 robe (worn)
Jewellery
 k - a ring of invisibility (left hand)
 l - a ring of sustain attributes (right hand)
 s - an uncursed ring of fire
Potions
 g - 2 potions of haste
 h - 2 potions of magic
 r - a potion of ambrosia {unknown}
Books
 c - a book of Maledictions

   Spells                             Type                      Level
   a - Corona                         Hexes                        1
   b - Ensorcelled Hibernation        Hexes/Ice                    2
   c - Confuse                        Hexes                        3
   d - Tukima's Dance                 Hexes                        3
   e - Dazzling Spray                 Conjuration/Hexes            3
 o - a book of Necromancy

   Spells                             Type                      Level
   a - Pain                           Necromancy                   1
   b - Animate Skeleton               Necromancy                   1
   c - Vampiric Draining              Necromancy                   3
   d - Regeneration                   Charms/Necromancy            3
   e - Animate Dead                   Necromancy                   4
   f - Control Undead                 Necromancy                   4
Comestibles
 d - 3 bread rations


   Skills:
 + Level 9.0 Short Blades
 * Level 15.5 Dodging
 * Level 17.1 Stealth
 * Level 13.5 Spellcasting
 + Level 5.7 Conjurations
 + Level 10.4 Hexes
 + Level 4.1 Charms
 + Level 2.4 Necromancy
 + Level 6.5 Ice Magic
 + Level 7.5 Invocations
 + Level 10.1 Evocations


You had 9 spell levels left.
You knew the following spells:

 Your Spells              Type           Power        Failure   Level  Hunger
a - Corona                Hex            #####..      1%          1    None
b - Ensorcelled Hibernat  Hex/Ice        #####.       1%          2    None
c - Confuse               Hex            #####...     1%          3    None
d - Tukima's Dance        Hex            #####...     1%          3    None
e - Dazzling Spray        Conj/Hex       #####...     1%          3    None
f - Animate Skeleton      Necr           N/A          1%          1    None
g - Pain                  Necr           ###.         1%          1    None
h - Regeneration          Chrm/Necr      ###.......   4%          3    None
i - Vampiric Draining     Necr           ###.......   10%         3    None
j - Animate Dead          Necr           N/A          24%         4    #......
k - Control Undead        Necr           ###.......   24%         4    #......


Dungeon Overview and Level Annotations

Branches:
Dungeon (1/1)

Altars:
Cheibriados
Dithmenos
Elyvilon
Gozag
Kikubaaqudgha
Makhleb
Nemelex Xobeh
Okawaru
Qazlal
Ru
Sif Muna
Trog
Vehumet
Xom
Yredelemnul
Zin
The Shining One
Beogh
Jiyva
Lugonu

Shops:
D [:}*%}=?(:=


Innate Abilities, Weirdness & Mutations

You are tiny and cannot use many weapons and most armour.
You have supernaturally acute eyesight.
You are a herbivore.
You cover ground extremely quickly.
You need consume almost no food.


Message History

You feel your power leaking away.
* * * LOW HITPOINT WARNING * * *
You feel sick. The ghost moth stares at you.
* * * LOW HITPOINT WARNING * * *
You feel sick. The ghost moth stares at you.
You feel your power leaking away.
* * * LOW HITPOINT WARNING * * *
You feel sick.
* * * LOW HITPOINT WARNING * * *
You feel sick.
Drink which item? (? for menu, Esc to quit)
A red film seems to cover your vision as you go berserk!
You feel yourself moving faster!
You feel mighty!
* * * LOW HITPOINT WARNING * * *
You feel sick. The ghost moth stares at you.
You feel a strong urge to attack something.
You die...

.#...###################......###
######♣♣♣♣♣..♣.###.+.['.......'.'
##.|'i.....♣..♣##..#..#.P.....###
....#♣..♣♣♣.♣).###.##'##.P....#
....#.♣♣..♣...♣+..)#♣.♣########
####################.....####
...........# ###..♣..♣....###
.........P.#####.).♣......♣...♣##
.)......)y......@...♣.....∩.∩...[
.........P...####################
############## ******* *******
,,,,* ***,,*****,,,∩∩***,,,,,***
,,,,* *,,,,+,,,,,,,,,**,,,,,,+,*
,,*** *,,,,*****,,,,,+,,,,,,,***
,** **,,,,* ******************
,,****,,,,,*****∩∩∩*,,,,,,,,,,,,*
,,,,,,,,,,,+,,,,∩,∩+,,,,,,,,,,,,+


You could see a ghost moth (invisible).

Vanquished Creatures
  Agnes (D)
  A spriggan berserker (D)
  A spriggan druid (D)
  6 oklob plants (D)
  2 demonic crawlers (D)
  A queen bee (D)
  3 burning bushes (D)
  3 wandering mushrooms (D)
  3 wasps (D)
  2 scorpions (D)
  4 killer bees (D)
  5 oklob saplings (D)
  A worker ant (D)
  7 spriggans (D)
  A river rat (D)
  2 giant spores (D)
  A rat (D)
  4 ballistomycetes (D)
48 creatures vanquished.

Vanquished Creatures (others)
  A bush (D)
  A fungus (D)
2 creatures vanquished.

Grand Total: 50 creatures vanquished

Notes
Turn   | Place    | Note
--------------------------------------------------------------
     0 | D        | Kidiri the Spriggan Enchanter began the quest for the Orb.
     0 | D        | Reached XP level 1. HP: 9/9 MP: 5/5
     8 | D        | Reached skill level 5 in Stealth
     8 | D        | Reached XP level 2. HP: 13/13 MP: 5/7
    12 | D        | Learned a level 2 spell: Ensorcelled Hibernation
    33 | D        | Noticed an oklob sapling
    35 | D        | Killed an oklob sapling
    35 | D        | Reached skill level 5 in Dodging
    35 | D        | Reached skill level 6 in Stealth
    35 | D        | Reached skill level 1 in Ice Magic
    35 | D        | Reached XP level 3. HP: 16/16 MP: 8/10
    40 | D        | Learned a level 3 spell: Confuse
    44 | D        | Learned a level 3 spell: Tukima's Dance
    53 | D        | Noticed a worker ant
    55 | D        | Killed a worker ant
    55 | D        | Reached skill level 7 in Stealth
    55 | D        | Reached skill level 5 in Spellcasting
    95 | D        | Found a snail-covered altar of Cheibriados.
    95 | D        | Found a glowing silver altar of Zin.
    95 | D        | Found a white marble altar of Elyvilon.
    95 | D        | Found a viscous altar of Jiyva.
    95 | D        | Found a radiant altar of Vehumet.
    95 | D        | Found a deep blue altar of Sif Muna.
    95 | D        | Found an ancient bone altar of Kikubaaqudgha.
    95 | D        | Found a bloodstained altar of Trog.
    95 | D        | Found a corrupted altar of Lugonu.
    95 | D        | Noticed an oklob sapling priest
    96 | D        | Found a burning altar of Makhleb.
    96 | D        | Found a sacrificial altar of Ru.
    97 | D        | Found a glowing golden altar of the Shining One.
    97 | D        | Found a sparkling altar of Nemelex Xobeh.
    98 | D        | Found a shadowy altar of Dithmenos.
    99 | D        | Found an iron altar of Okawaru.
    99 | D        | Found a shimmering altar of Xom.
   100 | D        | Found an opulent altar of Gozag.
   101 | D        | Found a basalt altar of Yredelemnul.
   101 | D        | Found a roughly hewn altar of Beogh.
   102 | D        | Killed an oklob sapling priest
   102 | D        | Reached skill level 8 in Stealth
   102 | D        | Reached skill level 5 in Hexes
   102 | D        | Reached XP level 4. HP: 21/21 MP: 9/13
   103 | D        | Found a stormy altar of Qazlal.
   110 | D        | Became a worshipper of Dithmenos the Shadowed
   200 | D        | Noticed an oklob sapling
   203 | D        | Killed an oklob sapling
   203 | D        | Reached XP level 5. HP: 24/24 MP: 11/14
   216 | D        | Learned a level 3 spell: Dazzling Spray
   331 | D        | Noticed a killer bee
   331 | D        | Noticed a killer bee
   331 | D        | Noticed a queen bee
   333 | D        | Noticed a killer bee
   333 | D        | Noticed a killer bee
   343 | D        | Killed a killer bee
   343 | D        | Reached skill level 9 in Stealth
   343 | D        | Reached skill level 1 in Invocations
   345 | D        | Killed a killer bee
   345 | D        | Reached skill level 1 in Conjurations
   349 | D        | Killed a killer bee
   349 | D        | Reached XP level 6. HP: 28/28 MP: 6/17
   425 | D        | Killed a killer bee
   425 | D        | Reached skill level 10 in Stealth
   442 | D        | Killed a queen bee
   442 | D        | Reached skill level 5 in Short Blades
   442 | D        | Reached skill level 11 in Stealth
   442 | D        | Reached XP level 7. HP: 32/32 MP: 5/20
   546 | D        | Noticed an oklob plant
   549 | D        | Killed an oklob plant
   549 | D        | Reached skill level 10 in Dodging
   549 | D        | Reached skill level 12 in Stealth
   549 | D        | Reached skill level 5 in Evocations
   564 | D        | Noticed a burning bush
   579 | D        | Killed a burning bush
   579 | D        | Acquired Dithmenos's first power
   579 | D        | Reached XP level 8. HP: 29/36 MP: 16/22
   638 | D        | Noticed an oklob sapling
   638 | D        | Noticed a burning bush
   638 | D        | Noticed an oklob plant
   639 | D        | Noticed a wandering mushroom
   640 | D        | Killed a burning bush
   823 | D        | Noticed an oklob sapling wizard
   826 | D        | Killed an oklob sapling wizard
   826 | D        | Reached skill level 10 in Spellcasting
   837 | D        | Noticed a scorpion
   841 | D        | Killed a scorpion
   843 | D        | Reached skill level 13 in Stealth
   986 | D        | Found Volit's Food Shop.
   986 | D        | Found Erphaal's General Store.
   993 | D        | Bought a scroll of magic mapping for 49 gold pieces
   993 | D        | Bought a bread ration for 70 gold pieces
   995 | D        | Bought a bread ration for 70 gold pieces
   996 | D        | Noticed a burning bush
   996 | D        | Noticed a wandering mushroom
   997 | D        | Noticed a scorpion
   997 | D        | Noticed a wandering mushroom
   999 | D        | Killed a wandering mushroom
  1001 | D        | Killed a burning bush
  1001 | D        | Acquired Dithmenos's second power
  1001 | D        | Reached skill level 5 in Invocations
  1002 | D        | Killed a scorpion
  1002 | D        | Reached XP level 9. HP: 39/39 MP: 24/24
  1004 | D        | Killed a wandering mushroom
  1015 | D        | Found Jehuutha's Weapon Emporium.
  1015 | D        | Found Entuor's Magic Scroll Shoppe.
  1075 | D        | Killed an oklob plant
  1075 | D        | Reached skill level 14 in Stealth
  1075 | D        | Reached skill level 5 in Ice Magic
  1077 | D        | Killed an oklob sapling
  1079 | D        | Killed a wandering mushroom
  1096 | D        | Noticed a spriggan druid
  1098 | D        | Killed a spriggan druid
  1396 | D        | Noticed an oklob plant conjurer
  1398 | D        | Killed an oklob plant conjurer
  1473 | D        | Bought a +0 hunting sling for 19 gold pieces
  1487 | D        | Bought 14 stones for 19 gold pieces
  1649 | D        | Noticed an oklob plant
  1649 | D        | Noticed an oklob plant summoner
  1650 | D        | Noticed an oklob plant shifter
  1653 | D        | Killed an oklob plant
  1653 | D        | Reached skill level 15 in Stealth
  1653 | D        | Reached XP level 10. HP: 44/44 MP: 19/27
  1656 | D        | Killed an oklob plant summoner
  1659 | D        | Killed an oklob plant shifter
  1672 | D        | Noticed a demonic crawler
  1674 | D        | Killed a demonic crawler
  1676 | D        | Noticed a spriggan rider
  1676 | D        | Noticed a spriggan
  1676 | D        | Noticed a spriggan
  1677 | D        | Found Bujeuwn's Book Emporium.
  1678 | D        | Killed a spriggan
  1678 | D        | Reached skill level 5 in Conjurations
  1679 | D        | Found Tucigyluull's Jewellery Shoppe.
  1681 | D        | Killed a spriggan
  1683 | D        | Killed a spriggan rider
  1683 | D        | Acquired Dithmenos's third power
  1683 | D        | Killed a wasp
  1683 | D        | Reached skill level 16 in Stealth
  1793 | D        | Bought a scroll of remove curse for 36 gold pieces
  1802 | D        | Learned a level 1 spell: Animate Skeleton
  1804 | D        | Learned a level 1 spell: Pain
  1808 | D        | Learned a level 3 spell: Regeneration
  1812 | D        | Learned a level 3 spell: Vampiric Draining
  1817 | D        | Learned a level 4 spell: Animate Dead
  1822 | D        | Learned a level 4 spell: Control Undead
  1888 | D        | Noticed Agnes
  1902 | D        | Killed Agnes
  1902 | D        | Reached skill level 15 in Dodging
  1902 | D        | Reached skill level 10 in Hexes
  1902 | D        | Reached skill level 1 in Necromancy
  1922 | D        | Found Tieril's Gadget Emporium.
  1922 | D        | Noticed a spriggan berserker
  1924 | D        | Killed a spriggan berserker
  1924 | D        | Reached XP level 11. HP: 47/47 MP: 21/29
  1930 | D        | Found Fynnul's Jewellery Shoppe.
  1933 | D        | Noticed a spriggan defender
  2047 | D        | HP: 2/47 [spriggan defender/rapier of freezing (25)]
  2400 | D        | Noticed a spriggan rider
  2407 | D        | Noticed a spriggan
  2408 | D        | Killed a spriggan rider
  2408 | D        | Killed a wasp
  2408 | D        | Reached skill level 10 in Evocations
  2414 | D        | Killed a spriggan
  2414 | D        | Reached skill level 17 in Stealth
  2426 | D        | Noticed a wasp
  2426 | D        | Noticed a demonic crawler
  2426 | D        | Noticed a ghost moth
  2428 | D        | Found Jystuf's Book Boutique.
  2428 | D        | Found Xumejig's Gadget Emporium.
  2428 | D        | Found Hucito Fula's Armour Shoppe.
  2435 | D        | Killed a demonic crawler
  2439 | D        | Killed a wasp
  2995 | D        | HP: 2/47 [poisoned by a ghost moth]
  2998 | D        | Succumbed to a ghost moth's poison

Vault maps used:
D:        dungeon_sprint_fedhas

Action                   |  1- 3 |  4- 6 |  7- 9 | 10-12 || total
-------------------------+-------+-------+-------+-------++-------
Melee: Dagger            |     5 |    12 |    11 |    36 ||    64
       Short sword       |       |       |    36 |     7 ||    43
Throw: Stone             |       |       |       |     4 ||     4
 Cast: Ensorcelled Hiber |       |     8 |     1 |     4 ||    13
       Confuse           |       |     1 |     1 |     1 ||     3
       Dazzling Spray    |       |     1 |       |    11 ||    12
       Pain              |       |       |       |     1 ||     1
       Control Undead    |       |       |       |     1 ||     1
       Regeneration      |       |       |       |     1 ||     1
       Tukima's Dance    |       |       |       |     1 ||     1
Invok: Shadow Step       |       |       |     1 |     4 ||     5
 Abil: Evoke Invisibilit |     1 |     1 |     8 |     2 ||    12
  Use: Scroll            |       |       |     1 |     2 ||     3
       Potion            |       |       |       |     4 ||     4
 Stab: Sleeping          |     5 |     5 |    16 |    10 ||    36
       Invisible         |       |     2 |       |     3 ||     5
       Confused          |       |       |     3 |       ||     3
  Eat: Royal jelly       |       |       |     3 |       ||     3
